 Dungeon Crawl Stone Soup version 0.28-a0-872-g80cf8599ee (webtiles) character file.

Game seed: 7813991777862433510

648 frimble the Chopper (level 7, -5/61 HPs)
             Began as a Minotaur Warper on Nov 20, 2021.
             Slain by an ogre (23 damage)
             ... on level 5 of the Dungeon.
             The game lasted 00:05:25 (6425 turns).

frimble the Chopper (Minotaur Warper)               Turns: 6425, Time: 00:05:25

Health: -5/61      AC: 10    Str: 15    XL:     7   Next: 27%
Magic:  8/8        EV:  7    Int: 12    God:
Gold:   196        SH:  0    Dex: 10    Spells: 6/8 levels left

rFire   . . .      SeeInvis .   a - +0 hand axe
rCold   . . .      Faith    .   (no shield)
rNeg    . . .      Spirit   .   p - +0 chain mail
rPois   .          Reflect  .   (helmet restricted)
rElec   .          Harm     .   v - +0 cloak
rCorr   +          Rampage  .   (no gloves)
Will    .....                   (no boots)
Stlth   ..........              (no amulet)
HPRegen 0.20/turn               m - ring of resist corrosion
MPRegen 0.11/turn               (no ring)

@: no status effects
A: horns 2, retaliatory headbutt
a: no special abilities


You were on level 5 of the Dungeon.
You visited 1 branch of the dungeon, and saw 5 of its levels.

You collected 196 gold pieces.

Inventory:

Hand Weapons
 a - a +0 hand axe (weapon)
 r - a +2 short sword of venom
Missiles
 d - 3 boomerangs of dispersal
 s - 2 poisoned darts (quivered)
Armour
 p - a +0 chain mail (worn)
 v - a +0 cloak (worn)
Jewellery
 m - a ring of resist corrosion (left hand)
Wands
 q - a wand of acid (7)
 u - a wand of flame (14)
Scrolls
 b - 2 scrolls of magic mapping {unknown}
 c - a scroll of blinking
 j - 3 scrolls of identify {unknown}
 k - 3 scrolls of teleportation {unknown}
 l - a scroll of amnesia {unknown}
Potions
 e - a potion of curing
 f - 3 potions of lignification {unknown}
 g - a potion of resistance {unknown}
 h - 2 potions of mutation {unknown}
 i - a potion of heal wounds {unknown}
 n - 2 potions of magic {unknown}
 o - a potion of degeneration {unknown}
 t - a potion of ambrosia {unknown}
 w - a potion of berserk rage {unknown}


   Skills:
 + Level 5.4 Fighting
 + Level 5.4 Axes
 - Level 1.0 Throwing
 + Level 3.4 Armour
 - Level 3.1 Dodging
 - Level 1.4 Spellcasting
 - Level 3.6 Translocations
 + Level 0.2 Evocations


You had 6 spell levels left.
You knew the following spells:

 Your Spells              Type           Power      Damage    Failure   Level
a - Blink                 Tloc           18%        N/A       88%         2

Your spell library contained the following spells:

 Spells                   Type           Power      Damage    Failure   Level
 Gell's Gravitas          Tloc           9%         N/A       98%         3
 Lesser Beckoning         Tloc           9%         N/A       98%         3
 Teleport Other           Tloc           9%         N/A       98%         3
 Slow                     Hex            0%         N/A       99%         1
 Confusing Touch          Hex            0%         N/A       100%        3
 Vampiric Draining        Necr           0%         2d6       100%        3
 Manifold Assault         Tloc           9%         N/A       100%        5


Dungeon Overview and Level Annotations

Branches:
Dungeon (5/15)
 Temple: D:4-7

Altars:
Ashenzari
Dithmenos


Innate Abilities, Weirdness & Mutations

You have a pair of horns on your head.
You reflexively headbutt those who attack you in melee.


Message History

The ogre looks even sicker.
The centaur shouts!
The centaur wields a +0 shortbow.
The centaur shoots an arrow.
The arrow barely misses you.
The centaur shoots an arrow.
The arrow barely misses you.
Throw: 3 darts (poison)
Press: ? - help, Q - select action, (/) - cycle Shift-Dir - straight line, f/p - ogre
Aim: an ogre, wielding a +0 giant club (lightly wounded, poisoned, 73% to hit)
You throw a poisoned dart. The poisoned dart hits the ogre.
The ogre is lightly wounded.
You hit the ogre. You headbutt the ogre.
The ogre is moderately wounded.
The ogre hits you with a +0 giant club!
You hit the ogre.
The ogre is heavily wounded.
You closely miss the ogre. Your headbutt misses the ogre.
The ogre is heavily wounded.
The ogre completely misses you.
The centaur unwields a +0 shortbow.
The centaur hits you. The centaur kicks you.
You hit the ogre.
The ogre is severely wounded.
You hit the centaur but do no damage.
The ogre hits you with a +0 giant club!!
The centaur completely misses you. You furiously retaliate!
You headbutt the centaur. The centaur kicks you.
You barely miss the ogre.
The ogre is severely wounded.
You hit the centaur.
The ogre looks more healthy.
The centaur hits you. The centaur barely misses you.
The ogre hits you with a +0 giant club!
* * * LOW HITPOINT WARNING * * *
The centaur barely misses you. You furiously retaliate!
You headbutt the centaur.
The centaur kicks you but does no damage.
You barely miss the ogre. Your headbutt misses the ogre.
The ogre is severely wounded.
You barely miss the centaur.
The centaur hits you but does no damage.
The centaur barely misses you.
The ogre hits you with a +0 giant club!!
You die...

#........#....
#...........##
###.....##....
####..†..####...
#.....#######..#
####.....#.....#..#
##.##.....#.._..#..#
#.c......###...##.##
#.O@.....###....#...
#..(##....###.........
#.....#....#.......####
#..................#
##.....#.....#....##
#(c...##.........#
(....####...#....#
............##......
.............####.


You could see an ogre and a centaur.

Vanquished Creatures
  2 ogres
  A scorpion (D:5)
  A wyvern skeleton (D:3)
  3 hounds
  3 jellies (D:4)
  Crazy Yiuf (D:4)
  5 adders
  An ufetubus (D:3)
  An adder skeleton (D:4)
  8 worms
  2 dart slugs
  2 orcs
  7 ball pythons
  14 endoplasms
  4 giant cockroaches
  4 goblins
  5 hobgoblins
  14 kobolds
  2 quokkas
  A bat (D:1)
  3 frilled lizards
  5 rats
89 creatures vanquished.

Vanquished Creatures (others)
  4 fungi (D:4)
  4 plants (D:3)
  7 toadstools (D:4)
15 creatures vanquished.

Grand Total: 104 creatures vanquished

Notes
Turn   | Place    | Note
-------+----------+-------------------------------------------
     0 | D:1      | frimble the Minotaur Warper began the quest for the Orb.
     0 | D:1      | Reached XP level 1. HP: 18/18 MP: 1/1
   453 | D:1      | Reached XP level 2. HP: 25/25 MP: 3/3
   689 | D:1      | Found a faded altar of an unknown god.
  1466 | D:2      | Reached XP level 3. HP: 25/29 MP: 4/4
  1526 | D:2      | Learned a level 2 spell: Blink
  2799 | D:4      | Reached XP level 4. HP: 14/38 MP: 5/5
  3509 | D:3      | Reached XP level 5. HP: 33/46 MP: 6/6
  3956 | D:3      | Found a shadowy altar of Dithmenos.
  5515 | D:4      | Reached XP level 6. HP: 49/53 MP: 7/7
  5679 | D:4      | Reached skill level 5 in Axes
  5781 | D:4      | Found a runed translucent door.
  5782 | D:4      | Noticed Crazy Yiuf
  5990 | D:4      | Killed Crazy Yiuf
  5991 | D:4      | Reached skill level 5 in Fighting
  6232 | D:5      | Entered Level 5 of the Dungeon
  6238 | D:5      | Found a broken altar of Ashenzari.
  6253 | D:5      | Reached XP level 7. HP: 45/61 MP: 8/8
  6425 | D:5      | Slain by an ogre

Illustrated notes

Levels and vault maps discovered:
D:1:      lightli_arrival_chessboard, layout_basic,
          hellmonk_ecumenical_altar_arch_garden, minmay_parallelograms,
          st_stairs_12, kennysheep_boxes
D:2:      layout_loops_ring, kennysheep_generic_room_5
D:3:      layout_basic, mainiacjoe_overflow_small_starburst, chequers_big_river
D:4:      cheibrodos_fertilizer, layout_loops_corners, uniq_crazy_yiuf_cottage
D:5:      layout_cave_pools, mainiacjoe_overflow_alcove_1,
          nicolae_figureground_pulse

Skill      XL: |  1  2  3  4  5  6 |
---------------+-------------------+-----
Fighting       | 3 4 5 |  5.4
Axes           | 3 4 5 |  5.4
Dodging        | 3 |  3.1
Translocations | 3 |  3.6
Armour         | 2 3 |  3.4
Throwing       | |  1.0
Spellcasting   | |  1.4
Evocations     | |  0.2

Action                   |  1- 3 |  4- 6 |  7- 9 || total
-------------------------+-------+-------+-------++-------
Melee: Hand axe          |   110 |   129 |    20 ||   259
       Headbutt          |    16 |    25 |     2 ||    43
Throw: Boomerang         |     2 |       |       ||     2
       Dart              |       |     5 |     3 ||     8
 Cast: Blink             |     1 |       |       ||     1
Evoke: Wand              |       |       |     1 ||     1
  Use: Scroll            |     3 |       |       ||     3
       Potion            |     1 |       |       ||     1
Armor: Leather armour    |    26 |     3 |       ||    29
       Chain mail        |       |    36 |    10 ||    46
Dodge: Dodged            |    62 |    44 |    14 ||   120

Table legend: (Time is in decaauts)
 A = Elapsed time spent in this place.
 B = Non-inter-level travel time spent in this place.
 C = Inter-level travel time spent in this place.
 D = Time resting spent in this place.
 E = Time spent auto-exploring this place.
 F = Levels seen in this place.
 G = Mean time per level.
                   A        B        C        D        E       F      G
               +--------+--------+--------+--------+--------+-----+--------+
         Total |   6465 |   6268 |    197 |    158 |   5424 |   5 | 1293.0 |
       Dungeon |   6465 |   6268 |    197 |    158 |   5424 |   5 | 1293.0 |
               +--------+--------+--------+--------+--------+-----+--------+

Top non-repeatable levels by time:
     D:4: 2435 daAuts
     D:3: 1540 daAuts
     D:1: 1155 daAuts
     D:2: 1140 daAuts
     D:5: 193 daAuts
